 Dungeon Crawl Stone Soup version 0.23.1 (webtiles) character file.

Game seed: 17577731833494864383

158 DimondSprtn the Insei (level 5, -3/33 HPs)
             Began as an Octopode Transmuter on Mar 4, 2019.
             Killed from afar by Sigmund (7 damage)
             ... with a magic dart
             ... on level 2 of the Dungeon.
             The game lasted 00:09:52 (3528 turns).

DimondSprtn the Insei (Octopode Transmuter)         Turns: 3528, Time: 00:09:54

Health: -3/33      AC:  1    Str:  9    XL:     5   Next: 39%
Magic:  4/9        EV: 14    Int: 15    God:
Gold:   170        SH:  0    Dex: 14    Spells: 3/9 levels left

rFire    . . .     SeeInvis .     - Unarmed
rCold    + . .     Gourm    .   (no shield)
rNeg     . . .     Faith    .   (helmet restricted)
rPois    +         Spirit   .   (no amulet)
rElec    .         Reflect  .   i - ring of poison resistance
rCorr    .         Harm     .   j - ring of protection from cold
MR       .....                  (no ring)
Stlth    ++........             (no ring)
HPRegen  0.11/turn              (no ring)
MPRegen  0.11/turn              (no ring)
                                (no ring)
                                (no ring)

@: no status effects
A: almost no armour, stealthy swim, amphibious, 8 rings, constrict 8, camouflage
1, gelatinous body 1
a: no special abilities


You were on level 2 of the Dungeon.
You were hungry.

You visited 1 branch of the dungeon, and saw 3 of its levels.

You collected 170 gold pieces.

Inventory:

Missiles
 a - 44 arrows
Jewellery
 i - a ring of poison resistance (left tentacle)
 j - a ring of protection from cold (right tentacle)
Scrolls
 e - 3 scrolls of remove curse {unknown}
 g - 2 scrolls of identify {unknown}
Potions
 d - a potion of flight {unknown}
 f - 2 potions of agility {unknown}
 h - 2 potions of haste {unknown}
Comestibles
 b - 3 chunks of flesh
 c - 5 rations


   Skills:
 - Level 1.0 Fighting
 * Level 3.3 Dodging
 * Level 4.3 Unarmed Combat
 + Level 2.6 Spellcasting
 + Level 2.8 Transmutations


You had 3 spell levels left.
You knew the following spells:

 Your Spells              Type           Power        Failure   Level  Hunger
a - Beastly Appendage     Tmut           ##....       6%          1    #......
b - Sticks to Snakes      Tmut           ##......     10%         2    ##.....
c - Spider Form           Tmut/Pois      #.........   34%         3    ###....

Your spell library contained the following spells:

 Spells                   Type           Power        Failure   Level  Hunger
 Ice Form                 Ice/Tmut       #.......     75%         4    #####..
 Blade Hands              Tmut           ##........   87%         5    ######.


Dungeon Overview and Level Annotations

Branches:
Dungeon (3/15)

Altars:

Annotations:
D:2 Sigmund


Innate Abilities, Weirdness & Mutations

You cannot wear most types of armour.
You are very stealthy in the water. (Stealth+)
You are amphibious.
You can wear up to eight rings at the same time.
You can use your tentacles to constrict eight enemies at once.
Your skin changes colour to match your surroundings (Stealth+).
Your rubbery body absorbs attacks. (AC +1, EV +1)


Message History

The magic dart hits your adder! Something misses your adder.
You feel less confused. Something hits your adder.
Something closely misses your adder. Something misses your adder.
Your transformation has ended.
Your ring of poison resistance unmelds from your body.
Your ring of protection from cold unmelds from your body.
Something barely misses your adder. Something barely misses your adder.
Something hits your adder but does no damage.
Your adder withers and dies!
Sigmund shouts!
Sigmund looks more healthy.
There is an escape hatch in the ceiling here.
Really go through this one-way escape hatch?
Sigmund casts a spell at you. The magic dart hits you!
You die...

#....S##.# #(..# ### #.#.#.##.#
#...#######. ####### #....S)..#
#.........#. #.....#
#...#.##.####...#####...
#.....####...#.##............#...
#.....)......#......>............
#...>.#####..####@..)........#...
#.....# #..####.####.#.#####...
####### #.....@.###.###..(.....
#.########.## ##.###### #.#
##.###.## # ###### #.# ##...#.##
## .....# #.# ##.....## ##.
####.######.# ##.......## ##.#
............# ###.........####.##
####.######## #.....^...........#
####.# #.#.....)...####.#.


You could see Sigmund.

Vanquished Creatures
  An orc wizard (D:3)
  Robin (D:2)
  2 adders
  A shadow imp (D:2)
  An ooze (D:1)
  3 worms (D:2)
  A dart slug (D:2)
  4 leopard geckos
  6 orcs
  3 giant cockroaches
  15 goblins
  6 hobgoblins
  2 ball pythons (D:1)
  8 bats
  12 frilled lizards
  5 kobolds
  8 rats
79 creatures vanquished.

Vanquished Creatures (collateral kills)
  3 goblins (D:2)
3 creatures vanquished.

Grand Total: 82 creatures vanquished

Notes
Turn   | Place    | Note
-------+----------+-------------------------------------------
     0 | D:1      | DimondSprtn the Octopode Transmuter began the quest for the
                  | Orb.
     0 | D:1      | Reached XP level 1. HP: 13/13 MP: 3/3
    86 | D:1      | Reached XP level 2. HP: 18/18 MP: 3/5
   268 | D:1      | Learned a level 2 spell: Sticks to Snakes
   544 | D:1      | Reached XP level 3. HP: 23/23 MP: 4/6
  1447 | D:2      | Reached XP level 4. HP: 16/28 MP: 7/7
  1584 | D:2      | Learned a level 3 spell: Spider Form
  1701 | D:2      | Noticed Sigmund
  1936 | D:2      | Noticed Robin
  1957 | D:2      | Killed Robin
  2438 | D:2      | Reached skill level 4 in Unarmed Combat
  2909 | D:3      | Reached XP level 5. HP: 22/33 MP: 1/8
  3528 | D:2      | Killed from afar by Sigmund

Skill      XL: |  1  2  3  4 |
---------------+-------------+-----
Dodging        | 3 |  3.3
Unarmed Combat | 4 |  4.3
Fighting       | |  1.0
Spellcasting   | |  2.6
Transmutations | |  2.8

Action                   |  1- 3 |  4- 6 || total
-------------------------+-------+-------++-------
Melee: Unarmed           |    75 |    84 ||   159
       Kick              |    19 |    17 ||    36
       Constrict         |    24 |    26 ||    50
       Tentacles         |    11 |    18 ||    29
       Punch             |     2 |     1 ||     3
 Cast: Beastly Appendage |    21 |    17 ||    38
       Sticks to Snakes  |       |    16 ||    16
 Stab: Sleeping          |    11 |     2 ||    13
       Distracted        |       |     1 ||     1
  Eat: Chunk             |     2 |     7 ||     9
Armor: Skin              |     5 |    13 ||    18
Dodge: Dodged            |    31 |    83 ||   114
